 Dungeon Crawl Stone Soup version 0.16-a0-3122-gccf308e (webtiles) character file.

267 Johnny the Bolt Thrower (level 6, -5/47 HPs)
             Began as a Human Hunter on Dec 13, 2014.
             Slain by an orc warrior
             ... wielding a +0 short sword
              (15 damage)
             ... on level 5 of the Dungeon.
             The game lasted 00:05:47 (3018 turns).

Johnny the Bolt Thrower (Human Hunter)              Turns: 3018, Time: 00:05:47

Health: -5/47      AC:  5    Str: 13    XL:     6   Next: 45%
Magic:  6/6        EV: 13    Int: 11    God:
Gold:   215        SH:  0    Dex: 15    Spells: 0 memorised, 5 levels left

rFire  . . .     SeeInvis .     b - +1 hand crossbow
rCold  . . .     Clarity  .     d - +0 leather armour
rNeg   . . .     SustAb   .     (no shield)
rPois  .         Gourm    .     v - +1 helmet
rElec  .         Spirit   .     (no cloak)
rCorr  .         Warding  .     (no gloves)
rMut   .         Rnd*Tele +     (no boots)
MR     .....                    (no amulet)
Stlth  ++........               (no ring)
                                q - ring of teleportation (curse)

@: not resistant to hostile enchantments, unstealthy
A: no striking features
a: Evoke Teleportation


You were on level 5 of the Dungeon.
You were hungry.

You visited 1 branch of the dungeon, and saw 5 of its levels.

You collected 215 gold pieces.

Inventory:

Hand weapons
 a - a +0 short sword
 b - a +1 hand crossbow (weapon)
 g - a +0 short sword
 i - a +1 dagger of flaming
Missiles
 c - 6 bolts (quivered)
Armour
 d - a +0 leather armour (worn)
 v - a +1 helmet (worn)
Jewellery
 q - a cursed ring of teleportation (left hand)
 y - a cursed -3 ring of intelligence {unknown}
Scrolls
 e - a scroll of enchant weapon {unknown}
 h - 3 scrolls of identify {unknown}
 k - a scroll of noise {unknown}
 l - 2 scrolls of blinking {unknown}
 m - 4 scrolls of remove curse {unknown}
 o - a scroll of teleportation {unknown}
 r - 2 scrolls of enchant armour
 w - a scroll of recharging {unknown}
 x - a scroll of fear {unknown}
Potions
 n - a potion of might {unknown}
 p - 2 potions of heal wounds {unknown}
 s - a potion of poison {unknown}
 t - a potion of flight {unknown}
 u - a potion of degeneration {unknown}
 z - a potion of resistance {unknown}
 A - a potion of haste {unknown}
 C - a potion of magic {unknown}
 D - a potion of curing {unknown}
Comestibles
 f - 7 bread rations
 j - 3 meat rations
 B - 2 fruits


   Skills:
 + Level 3.4 Fighting
 * Level 5.3 Crossbows
 + Level 2.2 Armour
 + Level 3.5 Dodging
 - Level 1.0 Stealth


You had 5 spell levels left.
You didn't know any spells.

Dungeon Overview and Level Annotations

Branches:
Dungeon (5/15)
 Temple: D:4-7

Altars:
Yredelemnul


Message History

Aim: an orc warrior, wielding a short sword and wearing a plate armour You shoot a bolt.
The bolt closely misses the orc warrior.
The bolt closely misses the orc.
The bolt barely misses the ice beast.
The orc warrior hits you with a short sword!
The orc warrior misses you.
Firing (i - inventory):
c - 8 bolts (quivered)
Press: ? - help, Shift-Dir - straight line, f/p - orc warrior
Aim: an orc warrior, wielding a short sword and wearing a plate armour You shoot a bolt.
The bolt hits the orc warrior!
The orc warrior is moderately wounded.
The orc warrior hits you with a short sword!
* * * LOW HITPOINT WARNING * * *
Firing (i - inventory):
c - 7 bolts (quivered)
Press: ? - help, Shift-Dir - straight line, f/p - orc warrior
Aim: an orc warrior, wielding a short sword and wearing a plate armour (moderately wounded)
You shoot a bolt. The bolt hits the orc warrior.
The orc warrior is moderately wounded.
The orc warrior hits you with a short sword!
You die...

..#.#####...............#.###.###
..#.# #.##.##..######(.........
..#.#####.##.##..### #.#.###.##.
.......>..##.##....# #..........
..#.#####.##.###.#.# #.#.###.##.
..#.##....##.# #.#.# #..........
..#.##.# # #.# #.# # #.##.#..###
..#.##.# #.# #.# # #.##.#..#
..#.##.# #.# #@#.# #.##.#..#
.##.##.#####.# #o#.####.##.#..#
.##..........###o#.....<....<.###
................Y................
####.#..................####.####
#.#..#######..#.###..# #.# #.#..#
#..#......# #.# #.#..#
#$.#.####.# #.# #.#... (.$..# #.#
#.#


You could see an orc warrior, an ice beast and an orc.

Vanquished Creatures
  An ogre (D:5)
  An iguana (D:4)
  A worker ant (D:4)
  4 adders
  3 worms
  5 giant geckos
  An orc (D:2)
  2 ball pythons (D:4)
  7 bats
  A bat zombie (D:1)
  3 giant cockroaches
  13 hobgoblins
  2 jackals (D:3)
  9 kobolds
  5 quokkas
  A ball python zombie (D:1)
  4 giant newts
  2 gnoll zombies (D:4)
  10 goblins
  9 rats
84 creatures vanquished.

Notes
Turn   | Place    | Note
--------------------------------------------------------------
     0 | D:1      | Johnny, the Human Hunter, began the quest for the Orb.
     0 | D:1      | Reached XP level 1. HP: 16/16 MP: 1/1
   109 | D:1      | Reached XP level 2. HP: 22/22 MP: 2/2
   333 | D:1      | Reached XP level 3. HP: 28/28 MP: 3/3
   968 | D:2      | Reached skill level 1 in Armour
  1157 | D:2      | Reached XP level 4. HP: 34/34 MP: 4/4
  1985 | D:3      | Reached XP level 5. HP: 40/40 MP: 5/5
  2293 | D:4      | Found a basalt altar of Yredelemnul.
  2354 | D:4      | Reached skill level 5 in Crossbows
  2867 | D:5      | Entered Level 5 of the Dungeon
  2920 | D:5      | Noticed an ogre
  2945 | D:5      | Killed an ogre
  2945 | D:5      | Reached XP level 6. HP: 47/47 MP: 6/6
  3005 | D:5      | Noticed an orc warrior
  3007 | D:5      | Noticed an ice beast
  3018 | D:5      | Slain by an orc warrior

Action                   |  1- 3 |  4- 6 || total
-------------------------+-------+-------++-------
 Fire: Hand crossbow     |    80 |   147 ||   227
  Use: Scroll            |       |     1 ||     1
  Eat: Chunk             |       |     4 ||     4
       Fruit             |       |     2 ||     2
